 Dungeon Crawl Stone Soup version 0.21.1-1-g345015fe64 (webtiles) character file.

141 Jannitor the Digger (level 5, -5/35 HPs)
             Began as a Mummy Earth Elementalist on May 22, 2018.
             Was an Initiate of Ashenzari.
             Splashed by a jelly's acid (9 damage)
             ... on level 3 of the Dungeon.
             The game lasted 00:04:23 (2960 turns).

Jannitor the Digger (Mummy Earth Elementalist)      Turns: 2960, Time: 00:04:25

Health: -5/35      AC: -1    Str: 11    XL:     5   Next: 3%
Magic:  9/9        EV: 11    Int: 15    God:    Ashenzari [......]
Gold:   93         SH:  4    Dex: 13    Spells: 6/9 levels left

rFire    . . .     SeeInvis .   k - +0 short sword (drain)
rCold    + . .     Gourm    .   a - +0 buckler
rNeg     + + +     Faith    +   c - +0 robe
rPois    ∞         Spirit   .   (no helmet)
rElec    .         Reflect  .   g - +0 cloak
rCorr    .         Harm     .   (no gloves)
MR       .....                  (no boots)
Stlth    ++........             q - amulet of faith
HPRegen  0.11/turn              h - ring of protection from fire
MPRegen  0.11/turn              (no ring)

@: corroded
A: no food or potions, fire vulnerability, cold resistance 1, negative energy
resistance 3, torment resistance, unbreathing
a: Curse Item, Renounce Religion


You were on level 3 of the Dungeon.
You worshipped Ashenzari.
Ashenzari was noncommittal.
You were not hungry.

You visited 1 branch of the dungeon, and saw 3 of its levels.

You collected 93 gold pieces.

Inventory:

Hand Weapons
 e - a +0 dagger
 k - a +0 short sword of draining (weapon)
 m - a +3 dagger of pain
Missiles
 b - 187 stones (quivered)
Armour
 a - a +0 buckler (worn)
 c - a +0 robe (worn)
 g - a +0 cloak (worn)
Jewellery
 h - a ring of protection from fire (left hand)
 q - an amulet of faith (around neck)
Wands
 n - a wand of acid (6)
Scrolls
 f - a scroll of remove curse
 i - a scroll of teleportation {unknown}
 j - a scroll of fear {unknown}
 l - a scroll of blinking {unknown}
 o - a scroll of identify {unknown}
 p - 2 scrolls of fog {unknown}
Books
 d - a book of Geomancy

   Spells                             Type                      Level
   a - Sandblast                      Earth                        1
   b - Passwall                       Transmutation/Earth          2
   c - Stone Arrow                    Conjuration/Earth            3
   d - Petrify                        Transmutation/Earth          4
   e - Lee's Rapid Deconstruction     Earth                        5


   Skills:
 + Level 1.4 Short Blades
 - Level 1.5 Dodging
 + Level 2.8 Stealth
 + Level 1.4 Shields
 - Level 2.6 Spellcasting
 - Level 0.7 Transmutations
 + Level 3.3 Earth Magic


You had 6 spell levels left.
You knew the following spells:

 Your Spells              Type           Power        Failure   Level  Hunger
a - Sandblast             Erth           ##....       8%          1    N/A
b - Passwall              Tmut/Erth      #.........   19%         2    N/A

Dungeon Overview and Level Annotations

Branches:
Dungeon (3/15)

Altars:
Ashenzari
Cheibriados
Fedhas
Ru
Xom

Annotations:
D:2 exclusion: oklob plant, Natasha


Innate Abilities, Weirdness & Mutations

You do not eat or drink.
Your flesh is vulnerable to fire.
You are immune to poison.
Your flesh is cold resistant. (rC+)
You are immune to negative energy. (rN+++)
You are immune to unholy pain and torment.
You can survive without breathing.


Message History

The jelly is lightly wounded.
The jelly closely misses you.
You hit the jelly but do no damage.
Your hands burn!
The jelly is lightly wounded.
The jelly barely misses you.
You hit the jelly.
Your hands burn!
The jelly is heavily wounded.
The jelly hits you. The acid corrodes you!
You are splashed with acid!
The acid burns!
* * * LOW HITPOINT WARNING * * *
Press: ? - help, v - describe, . - travel
Here: a jelly (moderately wounded)
The floor.
You hit the jelly.
Your hands burn!
* * * LOW HITPOINT WARNING * * *
The jelly is heavily wounded.
The jelly hits you.
* * * LOW HITPOINT WARNING * * *
You are splashed with acid!
The acid burns!
You die...

#.#....###
#........#
###..#.#.# ...
#.#.# . #.#.# #.#.#
#.#.# #.#J# # #
..#@# # #.### #.# #
#.#.###.## #
#........#
############..##..#
##.....##.........#
##.#.####.#......##
##...####.#..#...#
.....#....#<....!#


You could see a jelly.

Vanquished Creatures
  An orc wizard (D:3)
  Natasha (D:2)
  4 adders
  An ooze (D:1)
  A worm (D:2)
  A leopard gecko (D:2)
  A ball python (D:3)
  10 bats
  A giant cockroach (D:3)
  4 goblins
  3 hobgoblins
  3 jackals (D:2)
  A quokka (D:2)
  3 frilled lizards (D:3)
  5 kobolds
  6 rats
46 creatures vanquished.

Notes
Turn   | Place    | Note
-------+----------+-------------------------------------------
     0 | D:1      | Jannitor the Mummy Earth Elementalist began the quest for the Orb.
     0 | D:1      | Reached XP level 1. HP: 13/13 MP: 4/4
   353 | D:1      | Reached XP level 2. HP: 14/19 MP: 5/5
  1369 | D:2      | Found a faded altar of an unknown god.
  1403 | D:2      | Found a shattered altar of Ashenzari.
  1525 | D:2      | Learned a level 2 spell: Passwall
  1558 | D:2      | Reached XP level 3. HP: 21/24 MP: 7/7
  1649 | D:2      | Found a blossoming altar of Fedhas.
  1669 | D:2      | Noticed an oklob plant
  1761 | D:2      | Found a snail-covered altar of Cheibriados.
  1806 | D:2      | Became a worshipper of Ashenzari the Shackled
  1845 | D:2      | Reached skill level 3 in Earth Magic
  1883 | D:2      | Found a shattered altar of Ashenzari.
  1883 | D:2      | Found a shimmering altar of Xom.
  2254 | D:3      | Noticed Natasha
  2257 | D:3      | Reached skill level 1 in Short Blades
  2257 | D:3      | Reached skill level 1 in Shields
  2270 | D:3      | HP: 1/24 [Natasha (6)]
  2274 | D:2      | Killed Natasha
  2274 | D:2      | Reached XP level 4. HP: 2/30 MP: 8/8
  2277 | D:2      | Noticed Natasha
  2615 | D:3      | Found a sacrificial altar of Ru.
  2780 | D:3      | Reached XP level 5. HP: 29/35 MP: 9/9
  2809 | D:3      | Found a sacrificial altar of Ru.
  2960 | D:3      | Splashed by a jelly's acid

Skill      XL: |  1  2  3 |
---------------+----------+-----
Stealth        | 2 |  2.8
Earth Magic    | 3 |  3.3
Short Blades   | 1 |  1.4
Shields        | 1 |  1.4
Dodging        | |  1.5
Spellcasting   | |  2.6
Transmutations | |  0.7

Action                   |  1- 3 |  4- 6 || total
-------------------------+-------+-------++-------
Melee: Dagger            |   106 |       ||   106
       Short sword       |    44 |    48 ||    92
 Cast: Passwall          |     1 |       ||     1
Evoke: Wand              |       |     1 ||     1
 Stab: Sleeping          |     2 |     4 ||     6
Armor: Robe              |    48 |     9 ||    57
Dodge: Dodged            |    78 |    19 ||    97
Block: Buckler           |    24 |     9 ||    33
